 Dungeon Crawl Stone Soup version 0.26.1-2-gb8aa6d0cf2 (webtiles) character file.

Game seed: 14371416546544923245

72 Alarak the Slasher (level 4, -1/39 HPs)
             Began as a Minotaur Berserker on Mar 18, 2021.
             Was a Believer of Trog.
             Slain by a scorpion (3 damage)
             ... on level 2 of the Dungeon.
             The game lasted 00:03:33 (1718 turns).

Alarak the Slasher (Minotaur Berserker)             Turns: 1718, Time: 00:03:34

Health: -1/39      AC:  9    Str: 21    XL:     4   Next: 7%
Magic:  3/3        EV:  8    Int:  4    God:    Trog [**....]
Gold:   148        SH:  0    Dex: 11    Spells: 3/3 levels left

rFire    + . .     SeeInvis .   a - +1 falchion
rCold    . . .     Faith    .   (no shield)
rNeg     . . .     Spirit   .   c - +0 chain mail
rPois    .         Reflect  .   (helmet restricted)
rElec    .         Harm     .   (no cloak)
rCorr    .         Rampage  .   (no gloves)
Will     .....                  (no boots)
Stlth    ..........             g - amulet of inaccuracy (curse)
HPRegen  0.13/turn              h - ring of protection from fire
MPRegen  0.08/turn              (no ring)

@: lethally poisoned (-1 -> -18), about to teleport
A: retaliatory headbutt, horns 2
a: Renounce Religion, Berserk, Trog's Hand


You were on level 2 of the Dungeon.
You worshipped Trog.
Trog was pleased with you.
You visited 1 branch of the dungeon, and saw 2 of its levels.

You collected 148 gold pieces.

Inventory:

Hand Weapons
 a - a +1 falchion (weapon)
Armour
 b - a +0 animal skin
 c - a +0 chain mail (worn)
Jewellery
 g - a cursed amulet of inaccuracy (around neck)
 h - a ring of protection from fire (left hand)
Scrolls
 e - a scroll of teleportation
 l - a scroll of blinking {unknown}
 n - a scroll of fear {unknown}
Potions
 d - 2 potions of might {unknown}
 f - a potion of curing {unknown}
 i - 2 potions of flight {unknown}
 j - 2 potions of ambrosia {unknown}
 k - a potion of heal wounds {unknown}
 m - a potion of haste {unknown}


   Skills:
 - Level 3.6 Fighting
 - Level 4.7 Long Blades
 + Level 4.4 Armour
 - Level 2.1 Dodging


You had 3 spell levels left.
You didn't know any spells.
Your spell library was empty.

Dungeon Overview and Level Annotations

Branches:
Dungeon (2/15)

Altars:
Trog


Innate Abilities, Weirdness & Mutations

You reflexively headbutt those who attack you in melee.
You have a pair of horns on your head.


Message History

You feel sick.
The scorpion stings you but does no damage.
You closely miss the scorpion.
The scorpion is severely wounded.
You feel sick.
The scorpion stings you but does no damage.
You barely miss the scorpion. Your headbutt misses the scorpion.
The scorpion is severely wounded.
You feel sick. The scorpion stings you.
You closely miss the scorpion. Your headbutt misses the scorpion.
The scorpion is severely wounded.
* * * LOW HITPOINT WARNING * * *
You feel sick. The scorpion stings you!
* * * LOW HITPOINT WARNING * * *
The scorpion stings you but does no damage.
As you read the scroll of teleportation, it crumbles to dust.
You feel strangely unstable.
* * * LOW HITPOINT WARNING * * *
You feel sick. The scorpion stings you.
You die...

.##...........#..##...#
.##..)........#.>##...#
.##...........#..##...#
.##...........#.......#
..#.....(.....#.###...#
..#.......(...#.# #.###
###############.###
≈≈≈≈≈≈≈≈≈≈≈≈≈##...#.####
≈...........≈#..@.......
≈...........≈#..s.....$.
≈.)#######..≈#..........
≈..# #..≈#....#.....
≈..# #..≈#....#.....
...# #..≈#....# ....
≈..# #..≈#.#... ....
≈..# #..≈#.#.## +##
≈..#######..≈#


You could see a scorpion.

Vanquished Creatures
  2 adders (D:2)
  An ooze (D:1)
  3 worms (D:2)
  3 dart slugs (D:1)
  A leopard gecko (D:1)
  8 bats (D:1)
  6 goblins
  3 hobgoblins (D:1)
  2 frilled lizards (D:1)
  3 kobolds
  7 rats
39 creatures vanquished.

Notes
Turn   | Place    | Note
-------+----------+-------------------------------------------
     0 | D:1      | Alarak the Minotaur Berserker began the quest for the Orb.
     0 | D:1      | Reached XP level 1. HP: 19/19 MP: 0/0
    63 | D:1      | Reached XP level 2. HP: 24/26 MP: 1/1
   483 | D:1      | Reached XP level 3. HP: 29/31 MP: 2/2
   911 | D:2      | Reached ** piety under Trog
  1222 | D:2      | Found a bloodstained altar of Trog.
  1510 | D:2      | Reached XP level 4. HP: 39/39 MP: 3/3
  1718 | D:2      | Slain by a scorpion

Illustrated notes

Levels and vault maps discovered:
D:1:      lemuel_arrival_room, layout_basic, minmay_tromino_v7
D:2:      layout_basic, bloody_trog, kennysheep_path_1

Skill      XL: |  1  2  3 |
---------------+----------+-----
Long Blades    | 4 |  4.7
Armour         | 3 4 |  4.4
Fighting       | |  3.6
Dodging        | |  2.1

Action                   |  1- 3 |  4- 6 || total
-------------------------+-------+-------++-------
Melee: Falchion          |    82 |    13 ||    95
       Headbutt          |     8 |     3 ||    11
  Use: Scroll            |     3 |     1 ||     4
Armor: Chain mail        |    55 |     6 ||    61
Dodge: Dodged            |    43 |       ||    43
       Rpst.: Falchion   |    11 |       ||    11
